 Dungeon Crawl Stone Soup version 0.29-a0-284-gf9362112df (webtiles) character file.

Game seed: 12932934903679428259

247 sammy202020 the Skirmisher (level 5, 0/69 HPs)
             Began as a Palentonga Berserker on Mar 23, 2022.
             Was a Believer of Trog.
             Slain by an iguana (4 damage)
             ... on level 4 of the Dungeon.
             The game lasted 00:05:07 (3392 turns).

sammy202020 the Skirmisher (Palentonga Berserker)   Turns: 3392, Time: 00:05:08

Health: 0/69       AC:  9    Str: 21    XL:     5   Next: 85%
Magic:  5/5        EV:  6    Int:  9    God:    Trog [**....]
Gold:   176        SH:  0    Dex: 15    Spells: 4/4 levels left

rFire   . . .      SeeInvis +   a - +1 hand axe
rCold   . . .      Faith    .   (no shield)
rNeg    . . .      Spirit   .   m - +0 chain mail
rPois   .          Reflect  .   (no helmet)
rElec   .          Harm     .   (no cloak)
rCorr   .          Rampage  .   b - +0 pair of gloves
Will    ++...                   (no barding)
Stlth   ..........              (no amulet)
HPRegen 1.21/turn               k - +6 ring of dexterity
MPRegen 0.09/turn               (no ring)

@: berserking, strong-willed, regenerating, very quick
A: large, rugged brown scales 3, see invisible, deformed body, roll 1, armoured
tail
a: Rolling Charge, Renounce Religion, Berserk, Trog's Hand


You were on level 4 of the Dungeon.
You worshipped Trog.
Trog was pleased with you.
You visited 1 branch of the dungeon, and saw 4 of its levels.

You collected 176 gold pieces.

Inventory:

Hand Weapons
 a - a +1 hand axe (weapon)
 l - a +0 mace
Armour
 b - a +0 pair of gloves (worn)
 m - a +0 chain mail (worn)
Jewellery
 k - a +6 ring of dexterity (left hand)
Wands
 f - a wand of polymorph (8)
Scrolls
 c - 3 scrolls of identify
 d - a scroll of fear
 j - a scroll of teleportation
Potions
 e - 2 potions of ambrosia
 g - a potion of mutation
 h - a potion of degeneration {unknown}


   Skills:
 * Level 4.4 Fighting
 * Level 4.3 Axes
 * Level 2.8 Armour
 + Level 2.4 Dodging


You had 4 spell levels left.
You didn't know any spells.
Your spell library was empty.

Dungeon Overview and Level Annotations

Branches:
Dungeon (4/15)
 Temple: D:4-7

Altars:
Cheibriados
Kikubaaqudgha
Okawaru
Qazlal
Uskayaw
The Shining One

Annotations:
D:4 Grinder


Innate Abilities, Weirdness & Mutations

You are completely covered in rugged brown scales. (AC +3, +7% HP)
You have supernaturally acute eyesight. (SInv)
Armour fits poorly on your strangely shaped body.
You can roll at nearby foes to attack.
You have a long armoured tail.


Message History

The iguana bites you but does no damage.
You barely miss the iguana. The iguana closely misses you.
You hit the iguana.
Your tail-slap misses the iguana.
The iguana is lightly wounded.
The iguana bites you but does no damage.
Grinder gestures at you.
You suddenly lose the ability to move!
The iguana bites you.
The iguana bites you but does no damage.
Grinder gestures at you. You resist with significant effort.
The iguana bites you!
The iguana bites you but does no damage.
Grinder hits you!
You writhe in agony.
The iguana bites you but does no damage.
Grinder hits you but does no damage. The iguana bites you. Grinder hits you!
* * * LOW HITPOINT WARNING * * *
You writhe in agony.
* * * LOW HITPOINT WARNING * * *
You can move again.
Your skin crawls.
You feel strong-willed. The iguana barely misses you. Grinder gestures at you.
You resist with almost no effort.
A red film seems to cover your vision as you go berserk!
You feel yourself moving faster!
You feel mighty! The iguana bites you.
* * * LOW HITPOINT WARNING * * *
Grinder gestures at you. You resist with almost no effort.
You barely miss Grinder. You barely miss the iguana. You slash Grinder!
You tail-slap Grinder!
Grinder is severely wounded.
You completely miss the iguana. Grinder hits you but does no damage.
The iguana barely misses you.
You slash Grinder!
Grinder is almost dead.
You hit the iguana. The iguana bites you.
You die...

### ...
#..
#.######
#.#....#
#5#..#
#<@..#
#..l...#
###....#
..#.#
......
....#.#
.#### #
.#


You could see Grinder and an iguana.

Vanquished Creatures
  An ogre (D:3)
  An orc priest (D:3)
  An orc wizard (D:3)
  A mummy (D:3)
  3 adders
  A dart slug (D:2)
  An orc (D:3)
  7 ball pythons
  9 bats
  5 endoplasms
  4 giant cockroaches
  7 goblins
  3 hobgoblins
  3 jackals (D:3)
  A quokka (D:3)
  3 frilled lizards
  5 kobolds
  6 rats
62 creatures vanquished.

Vanquished Creatures (collateral kills)
  A kobold (D:3)
1 creature vanquished.

Grand Total: 63 creatures vanquished

Notes
Turn   | Place    | Note
-------+----------+-------------------------------------------
     0 | D:1      | sammy202020 the Palentonga Berserker began the quest for
                  | the Orb.
     0 | D:1      | Reached XP level 1. HP: 19/19 MP: 1/1
   281 | D:1      | Reached XP level 2. HP: 22/25 MP: 2/2
   306 | D:1      | Found a faded altar of an unknown god.
   810 | D:1      | Reached ** piety under Trog
   954 | D:1      | Reached XP level 3. HP: 31/31 MP: 3/3
  1747 | D:2      | Found a glowing golden altar of the Shining One.
  1946 | D:2      | Found an iron altar of Okawaru.
  2134 | D:3      | Found an ancient bone altar of Kikubaaqudgha.
  2150 | D:3      | Noticed a +0 short sword
  2150 | D:3      | Noticed a +0 falchion
  2150 | D:3      | Noticed a +0 spear
  2150 | D:3      | Noticed a +0 dagger
  2150 | D:3      | Noticed a +0 short sword
  2150 | D:3      | Noticed a +0 spear
  2150 | D:3      | Noticed a +0 dagger
  2150 | D:3      | Noticed a +0 falchion
  2153 | D:3      | Reached XP level 4. HP: 39/39 MP: 4/4
  2533 | D:3      | Found a hide-covered altar of Uskayaw.
  2540 | D:3      | Reached XP level 5. HP: 44/44 MP: 5/5
  2572 | D:3      | Found a stormy altar of Qazlal.
  2753 | D:3      | Noticed an ogre
  2760 | D:3      | Killed an ogre
  3008 | D:3      | Found a snail-covered altar of Cheibriados.
  3378 | D:4      | Noticed Grinder
  3381 | D:4      | Paralysed by Grinder for 7 turns
  3387 | D:4      | HP: 2/46 [Grinder (5)]
  3392 | D:4      | Slain by an iguana

Illustrated notes

Levels and vault maps discovered:
D:1:      scummos_arrival_checkerplants, layout_basic,
          shapermc_ecumenical_altar_venn
D:2:      layout_basic, basic_altar, kennysheep_flooded_box
D:3:      layout_rooms, mainiacjoe_overflow_alcove_1, lemuel_crystal_altar,
          chei_slow_surprise, nicolae_uskayaw_en_pointe
D:4:      layout_basic, uniq_grinder, uniq_sigmund

Skill      XL: |  1  2  3  4 |
---------------+-------------+-----
Armour         | 2 |  2.8
Dodging        | 2 |  2.4
Fighting       | 4 |  4.4
Axes           | 4 |  4.3

Action                   |  1- 3 |  4- 6 || total
-------------------------+-------+-------++-------
Melee: Hand axe          |   132 |    47 ||   179
       Tailslap          |    14 |    11 ||    25
       Punch             |     1 |       ||     1
Invok: Berserk           |       |     4 ||     4
       Trog's Hand       |       |     1 ||     1
 Abil: Rolling Charge    |     3 |       ||     3
  Use: Scroll            |     7 |       ||     7
Armor: Animal skin       |     7 |       ||     7
       Scale mail        |    59 |       ||    59
       Chain mail        |    11 |    43 ||    54
Dodge: Dodged            |    78 |    26 ||   104

Table legend: (Time is in decaauts)
 A = Elapsed time spent in this place.
 B = Non-inter-level travel time spent in this place.
 C = Inter-level travel time spent in this place.
 D = Time resting spent in this place.
 E = Time spent auto-exploring this place.
 F = Levels seen in this place.
 G = Mean time per level.
                   A        B        C        D        E       F      G
               +--------+--------+--------+--------+--------+-----+--------+
         Total |   3442 |   3258 |    184 |      0 |   2694 |   4 |  860.5 |
       Dungeon |   3442 |   3258 |    184 |      0 |   2694 |   4 |  860.5 |
               +--------+--------+--------+--------+--------+-----+--------+

Top non-repeatable levels by time:
     D:3: 1348 daAuts
     D:1: 1114 daAuts
     D:2: 966 daAuts
     D:4: 13 daAuts
